 Dungeon Crawl Stone Soup version 0.31-a0-1540-g5a0b83f448 (webtiles) character file.

Game seed: 1975319829905870768

36 experimilk the Shooter (level 3, 0/20 HPs)
             Began as a Kobold Hexslinger on Dec 31, 2023.
             Slain by a gnoll
             ... wielding a +0 spear of freezing
              (4 damage)
             ... on level 2 of the Dungeon on Jan 5, 2024.
             The game lasted 00:04:28 (845 turns).

experimilk the Shooter (Kobold Hexslinger)           Turns: 845, Time: 00:04:29

Health: 0/20       AC:  3    Str:  5    XL:     3   Next: 57%
Magic:  0/4        EV: 14    Int: 16    God:
Gold:   88         SH:  0    Dex: 19    Spells: 2/4 levels left

rFire   . . .        a - +1 sling
rCold   . . .        (no shield)
rNeg    . . .        e - +0 leather armour "Ekymuw" {Int+2 SInv}
rPois   .            (no helmet)
rElec   .            (no cloak)
rCorr   .            (no gloves)
SInv    +            (no boots)
Will    .....        (no amulet)
Stlth   ++           (no ring)
HPRegen 0.23/turn    (no ring)
MPRegen 0.09/turn

%: no passive effects
@: weak-willed, very slightly contaminated
A: small, no large weapons, nightstalker 3
a: no special abilities


You were on level 2 of the Dungeon.
You visited 1 branch of the dungeon, and saw 2 of its levels.

You collected 88 gold pieces.

Inventory:

Hand Weapons
 a - a +1 sling (weapon)
Armour
 e - the +0 leather armour "Ekymuw" (worn) {Int+2 SInv}
   (You found it on level 1 of the Dungeon)

   Int+2:     It affects your intelligence (+2).
   SInv:      It lets you see invisible.
Jewellery
 f - a ring of positive energy
Scrolls
 b - a scroll of poison
 c - 2 scrolls of teleportation {unknown}
 d - a scroll of torment {unknown}
 g - a scroll of fear {unknown}
 i - a scroll of brand weapon {unknown}
Potions
 h - 2 potions of magic {unknown}


   Skills:
 - Level 1.1 Fighting
 * Level 3.7 Ranged Weapons
 - Level 2.4 Dodging
 - Level 1.1 Spellcasting
 + Level 3.4 Hexes
 - Level 1.8 Fire Magic


You had 2 spell levels left.
You knew the following spells:

 Your Spells              Type           Power      Damage    Failure   Level
z - Jinxbite              Hex            24%        N/A       14%         2

Your spell library contained the following spells:

 Spells                   Type           Power      Damage    Failure   Level
 Ensorcelled Hibernation  Hex/Ice        12%        N/A       28%         2
 Sigil of Binding         Hex            12%        N/A       26%         3
 Inner Flame              Hex/Fire       9%         N/A       36%         3
 Cause Fear               Hex            6%         N/A       65%         4
 Fugue of the Fallen      Necr           0%         N/A       75%         3
 Anguish                  Hex/Necr       3%         N/A       88%         4
 Dimensional Bullseye     Hex/Tloc       3%         N/A       88%         4


Dungeon Overview and Level Annotations

Branches:
Dungeon (2/15)

Altars:


Innate Abilities, Weirdness & Mutations

You are small and have problems with some larger weapons.
You are completely attuned to the shadows.


Message History

The gnoll freezes you. The jackal completely misses you.
Fire: a) +1 sling
Press: ? - help, Q - select action, (/) - cycle Shift-Dir - straight line, f/p - jackal
Aim: a jackal (chance to call a sprite on attack: 62%, 53% to hit)
You shoot a sling bullet.
The sling bullet hits the jackal but does no damage.
A giggling sprite leaps out and makes the jackal trip over its own paws.
You kill the jackal!
The gnoll misses you. The jackal misses you. The gnoll closely misses you.
Unknown command.
Fire: a) +1 sling
Press: ? - help, Q - select action, (/) - cycle Shift-Dir - straight line, f - jackal
Aim: a jackal (chance to call a sprite on attack: 63%, 53% to hit)
You shoot a sling bullet.
The sling bullet closely misses the jackal.
The sling bullet hits the gnoll but does no damage.
A giggling sprite leaps out and smacks the jackal with its own front paw.
The jackal is almost dead.
The jackal barely misses you. The jackal closely misses you.
The gnoll barely misses you.
Unknown command.
Fire: a) +1 sling
Press: ? - help, Q - select action, (/) - cycle Shift-Dir - straight line, f/p - jackal
Aim: a jackal (almost dead, heavily drained, chance to call a sprite on attack: 63%, 53% to hit)
You shoot a sling bullet. The sling bullet hits the jackal!
You kill the jackal!
The gnoll hits you from afar with a +0 spear of freezing.
* * * LOW HITPOINT WARNING * * *
The gnoll freezes you.
* * * LOW HITPOINT WARNING * * *
Fire: a) +1 sling
Press: ? - help, Q - select action, (/) - cycle Shift-Dir - straight line, f - gnoll
Aim: a gnoll, wielding a +0 spear of freezing (chance to call a sprite on attack: 54%, 64% to hit)
You shoot a sling bullet. The sling bullet hits the gnoll.
The gnoll is lightly wounded.
A giggling sprite leaps out and makes the gnoll trip over its own feet.
The gnoll is moderately wounded.
The jinxing sprites lose interest in you.
The gnoll hits you from afar with a +0 spear of freezing.
You die...

#### #..# #..#
+#+#P.####
..g'@....#
...#P.##.#######
.. #..##........
# #..##........
#####........
#........
##...#####
.....# .....#


You could see a gnoll (very drained).

Vanquished Creatures
  5 ball pythons (D:1)
  3 bats
  2 endoplasms (D:1)
  5 giant cockroaches (D:1)
  5 goblins
  A hobgoblin (D:1)
  2 jackals (D:2)
  A quokka (D:1)
  2 frilled lizards (D:1)
  3 kobolds
  2 rats
31 creatures vanquished.

Notes
Turn   | Place    | Note
-------+----------+-------------------------------------------
     0 | D:1      | experimilk the Kobold Hexslinger began the quest for the
                  | Orb.
     0 | D:1      | Reached XP level 1. HP: 12/12 MP: 2/2
     0 | D:1      | Upgraded the game from 0.31-a0-1529-g7bd419a0e5 to
                  | 0.31-a0-1540-g5a0b83f448
   132 | D:1      | Reached XP level 2. HP: 16/16 MP: 3/3
   143 | D:1      | Learned a level 2 spell: Jinxbite
   187 | D:1      | Identified the +0 leather armour "Ekymuw" {Int+2 SInv}
   319 | D:1      | Found a faded altar of an unknown god.
   520 | D:1      | Reached XP level 3. HP: 20/20 MP: 4/4
   845 | D:2      | Slain by a gnoll

Illustrated notes

Levels and vault maps discovered:
D:1:      dpeg_arrival_stone_temple_mockup, layout_loops_ring,
          hellmonk_ecumenical_altar_lost_god
D:2:      layout_rooms, basic_altar, cheibrodos_gnoll_hut

Skill      XL: |  1 |
---------------+----+-----
Ranged Weapons | 3 |  3.7
Fighting       | |  1.1
Dodging        | |  2.4
Spellcasting   | |  1.1
Hexes          | |  3.4
Fire Magic     | |  1.8

Action                     || total
---------------------------++-------
   Fire: Sling             ||    65
   Cast: Jinxbite          ||     1
 Armour: Robe              ||     6
         Leather armour    ||     6
  Dodge: Dodged            ||    23

Table legend: (Time is in decaauts)
 A = Elapsed time spent in this place.
 B = Non-inter-level travel time spent in this place.
 C = Inter-level travel time spent in this place.
 D = Time resting spent in this place.
 E = Time spent auto-exploring this place.
 F = Levels seen in this place.
 G = Mean time per level.
                   A        B        C        D        E       F      G
               +--------+--------+--------+--------+--------+-----+--------+
         Total |    862 |    832 |     30 |     27 |    646 |   2 |  431.0 |
       Dungeon |    862 |    832 |     30 |     27 |    646 |   2 |  431.0 |
               +--------+--------+--------+--------+--------+-----+--------+

Top non-repeatable levels by time:
     D:1: 777 daAuts
     D:2: 85 daAuts
